 Dungeon Crawl Stone Soup version 0.31.0-9-g3a7656b989 (webtiles) character file.

Game seed: 6250328348092364402

99 qw the Shooter (level 4, -3/22 HPs)
             Began as a Spriggan Hunter on Feb 2, 2024.
             Slain by a gnoll
             ... wielding a +0 whip
             ... led by a gnoll bouda
              (4 damage)
             ... on level 4 of the Dungeon.
             The game lasted 00:00:06 (1893 turns).

qw the Shooter (Spriggan Hunter)                    Turns: 1893, Time: 00:00:06

Health: -3/22      AC:  3    Str:  6 (7)  XL:     4   Next: 45%
Magic:  5/5        EV: 20    Int:  7 (10) God:
Gold:   194        SH:  0    Dex: 19 (20) Spells: 3/3 levels left

rFire   + . .        a - +0 shortbow
rCold   . . .        (shield currently unavailable)
rNeg    + . .        c - +0 robe
rPois   .            e - +1 hat of Peghio {rF+}
rElec   .            (no cloak)
rCorr   .            (gloves unavailable)
SInv    +            (boots unavailable)
Will    .....        (no amulet)
Stlth   ++           m - ring of positive energy
HPRegen 0.23/turn    (no ring)
MPRegen 0.09/turn

%: no passive effects
@: very quick
A: very small, no large weapons, unfitting armour, see invisible, speed 3
a: no special abilities


You were on level 4 of the Dungeon.
You visited 1 branch of the dungeon, and saw 4 of its levels.

You collected 194 gold pieces.


Innate Abilities, Weirdness & Mutations

You are very small and have problems with some larger weapons.
You are too small for most types of armour.
You have supernaturally acute eyesight. (SInv)
You cover ground extremely quickly. (Speed+++)


   Skills:
 - Level 1.5 Fighting
 - Level 5.0 Ranged Weapons
 + Level 4.9 Dodging
 - Level 1.5 Stealth


You had 3 spell levels left.
You didn't know any spells.
Your spell library was empty.

Inventory:

Hand Weapons
 a - a +0 shortbow (weapon)
Armour
 c - a +0 robe (worn)
 e - the +1 hat of Peghio (worn) {rF+}
   (You acquired it on level 1 of the Dungeon)

   rF+:       It protects you from fire.
Jewellery
 m - a ring of positive energy (left hand)
Wands
 g - a wand of charming (13)
Scrolls
 b - a scroll of revelation {unknown}
Potions
 d - a potion of curing
 h - a potion of cancellation
 i - a potion of lignification {unknown}
 j - a potion of heal wounds {unknown}
 k - a potion of magic {unknown}
 l - a potion of might {unknown}

Dungeon Overview and Level Annotations

Branches:
Dungeon (4/15)
 Temple: D:4-7

Altars:
Elyvilon


Message History

You shoot an arrow.
The arrow closely misses the gnoll bouda.
You shoot an arrow.
The arrow closely misses the gnoll bouda.
You shoot an arrow.
The arrow closely misses the gnoll bouda.
A gnoll comes into view. It is wielding a +2 spear of freezing.
The gnoll bouda barks out a call to the hunt!
The gnoll picks up the pace!
The gnoll shouts!
You shoot an arrow.
The arrow barely misses the gnoll bouda.
The gnoll bouda barely misses you.
You shoot an arrow. The arrow hits the gnoll bouda.
The gnoll bouda is lightly wounded.
A gnoll comes into view. It is wielding a +0 whip.
You shoot an arrow.
The arrow hits the gnoll bouda but does no damage.
The gnoll bouda is lightly wounded.
The gnoll bouda hits you with a +0 club.
You shoot an arrow.
The arrow closely misses the gnoll bouda.
The gnoll bouda hits you with a +0 club.
The gnoll hits you from afar with a +2 spear of freezing.
The gnoll freezes you. The gnoll bouda barely misses you.
You shoot an arrow.
The arrow hits the gnoll bouda but does no damage.
The gnoll bouda is lightly wounded.
The gnoll hits you from afar with a +2 spear of freezing!
The gnoll freezes you. The gnoll bouda completely misses you.
You shoot an arrow. The arrow hits the gnoll bouda!
The gnoll bouda is heavily wounded.
The gnoll barely misses you. The gnoll bouda misses you.
The gnoll completely misses you.
You shoot an arrow.
The arrow closely misses the gnoll bouda.
The gnoll closely misses you.
The gnoll bouda hits you with a +0 club.
The gnoll hits you with a +0 whip.
You die...

#####
#####...###########
#..........(......#
.....#..##########.#
..## ###@.# #.#
#.gg.########.###
#g.#........<...#
....
#########.#.####
#.... ######........
'.....
#.........####
.#..#..
..#.#.........#
#..#..
#.#.#.####..#.# #
#.#.#.# ..#.#


You could see a gnoll bouda and 2 gnolls.

Vanquished Creatures
  A hound skeleton (D:3)
  3 gnolls (D:3)
  An adder skeleton (D:3)
  A dart slug (D:1)
  3 ball pythons (D:1)
  10 endoplasms
  2 goblins (D:2)
  5 hobgoblins
  3 jackals (D:1)
  7 kobolds
  A quokka (D:1)
  5 bats (D:1)
  2 frilled lizards
  A quokka skeleton (D:3)
  4 rats
49 creatures vanquished.

Notes
Turn   | Place    | Note
-------+----------+-------------------------------------------
     0 | D:1      | qw the Spriggan Hunter began the quest for the Orb.
     0 | D:1      | Reached XP level 1. HP: 10/10 MP: 2/2
     0 | D:1      | 0 ||| qw: Version: 0.3-a-155-g5e7d8dd
     0 | D:1      | 0 ||| qw: Game counter: 1508
     0 | D:1      | 0 ||| qw: Melee chars always use a shield: true
     0 | D:1      | 0 ||| qw: God list: Okawaru
     0 | D:1      | 0 ||| qw: Allow faded altars: false
     0 | D:1      | 0 ||| qw: Do Orc after clearing Dungeon:15 true
     0 | D:1      | 0 ||| qw: Do second Lair branch before Depths: true
     0 | D:1      | 0 ||| qw: Lair rune preference: random
     0 | D:1      | 0 ||| qw: Goals: Normal
     0 | D:1      | 0 ||| PLANNING D:1-11
    45 | D:1      | Reached skill level 3 in Dodging
   183 | D:1      | Reached XP level 2. HP: 14/14 MP: 3/3
   376 | D:1      | Reached XP level 3. HP: 18/18 MP: 4/4
   701 | D:1      | 701 ||| READING scroll labelled GIRPHU SIEF.
   734 | D:1      | 734 ||| READING scroll labelled ITIMOY YRICH.
   734 | D:1      | 734 ||| IDENTIFYING fuming brown potion
   735 | D:1      | 735 ||| READING scroll labelled HAXTIL QYOXUPS.
   735 | D:1      | Identified a scroll of acquirement
   735 | D:1      | 735 ||| ACQUIRING +1 hat of Peghio {rF+}
   735 | D:1      | Acquired the +1 hat of Peghio {rF+}
   737 | D:1      | 737 ||| UPGRADING to +1 hat of Peghio {rF+}.
   742 | D:1      | 742 ||| DRINKING 2 dark potions.
   743 | D:1      | 743 ||| DROPPING scroll of butterflies.
   744 | D:1      | 744 ||| DROPPING potion of brilliance.
  1001 | D:2      | Found a faded altar of an unknown god.
  1371 | D:2      | 1371 ||| READING scroll of identify.
  1371 | D:2      | 1371 ||| IDENTIFYING purple potion
  1372 | D:2      | 1372 ||| READING scroll labelled SOKKUKIRUA.
  1373 | D:2      | 1373 ||| DROPPING potion of attraction.
  1422 | D:3      | 1422 ||| RETREEEEATING.
  1437 | D:3      | Reached skill level 5 in Ranged Weapons
  1439 | D:3      | Reached XP level 4. HP: 16/22 MP: 5/5
  1469 | D:3      | Found a white marble altar of Elyvilon.
  1793 | D:3      | 1793 ||| UPGRADING to ring of positive energy.
  1794 | D:3      | 1794 ||| READING scroll of identify.
  1794 | D:3      | 1794 ||| IDENTIFYING yellow potion
  1795 | D:3      | 1795 ||| READING scroll labelled CUZOEPIFIH.
  1799 | D:3      | 1799 ||| DRINKING 2 smoky brown potions.
  1800 | D:3      | 1800 ||| DROPPING potion of degeneration.
  1893 | D:4      | HP: 1/22 [gnoll bouda/+0 club (5)]
  1893 | D:4      | Slain by a gnoll

Levels and vault maps discovered:
D:1:      dpeg_arrival_rooms_a, layout_loops_ring, st_stairs_5
D:2:      layout_basic, basic_ecumenical_altar
D:3:      layout_rooms, mainiacjoe_overflow_tiny_flanked, serial_undead,
          serial_undead_c, serial_undead_c, serial_undead_b, serial_undead_a,
          kennysheep_generic_room_12
D:4:      layout_loops_ring, hangedman_ru_absence,
          nicolae_overflow_hidden_temple, roderic_batcave

Skill      XL: |  1  2  3 |
---------------+----------+-----
Dodging        | 3 4 |  4.9
Ranged Weapons | 5 |  5.0
Fighting       | |  1.5
Stealth        | |  1.5

Action                     |  1- 3 |  4- 6 || total
---------------------------+-------+-------++-------
   Fire: Shortbow          |    88 |    34 ||   122
    Use: Scroll            |     5 |     2 ||     7
         Potion            |     1 |     1 ||     2
 Armour: Robe              |     5 |     6 ||    11
  Dodge: Dodged            |    16 |     7 ||    23

Table legend:
 A = Non-vault XP
 B = Vault XP
 C = Vault XP percentage of total XP
 D = Non-vault monster count
 E = Vault monster count
 F = Vault count percentage of total count
                 A         B        C        D         E       F
            +---------+---------+-------+---------+---------+-------
      Total |     111 |      31 |  21.8 |      42 |       7 |  14.3
            +---------+---------+-------+---------+---------+-------
        D:1 |      43 |       6 |  12.2 |      24 |       3 |  11.1
        D:2 |      14 |       0 |   0.0 |       8 |       0 |   0.0
        D:3 |      54 |      25 |  31.6 |      10 |       4 |  28.6
            +---------+---------+-------+---------+---------+-------
